 Dungeon Crawl Stone Soup version 0.28-a0-233-gb8ca4b6547 (webtiles) character file.

Game seed: 4902012319922212101

67 Spaninq the Ducker (level 4, -4/23 HPs)
             Began as a Spriggan Gladiator on Aug 22, 2021.
             Was a Believer of Elyvilon.
             Slain by a gnoll (14 damage)
             ... on level 3 of the Dungeon.
             The game lasted 00:04:19 (2763 turns).

Spaninq the Ducker (Spriggan Gladiator)             Turns: 2763, Time: 00:04:20

Health: -4/23      AC:  2    Str: 11    XL:     4   Next: 0%
Magic:  5/5        EV: 19    Int:  9    God:    Elyvilon [**....]
Gold:   75         SH:  0    Dex: 16    Spells: 3/3 levels left

rFire   . . .      SeeInvis +   e - +1 short sword (elec)
rCold   . . .      Faith    .   (shield restricted)
rNeg    . . .      Spirit   .   b - +0 robe
rPois   .          Reflect  .   c - +0 hat
rElec   .          Harm     .   (no cloak)
rCorr   .          Rampage  .   (gloves unavailable)
Will    .....                   (boots unavailable)
Stlth   +.........              (no amulet)
HPRegen 0.07/turn               (no ring)
MPRegen 0.09/turn               (no ring)

@: very quick
A: very small, no large weapons, unfitting armour, see invisible, speed 3
a: Renounce Religion, Lesser Healing, Heal Other, Divine Protection


You were on level 3 of the Dungeon.
You worshipped Elyvilon.
Elyvilon was pleased with you.
You visited 1 branch of the dungeon, and saw 3 of its levels.

You collected 75 gold pieces.

Inventory:

Hand Weapons
 a - a +0 quarterstaff
 e - a +1 short sword of electrocution (weapon)
Missiles
 d - 3 throwing nets (quivered)
Armour
 b - a +0 robe (worn)
 c - a +0 hat (worn)
Wands
 j - a wand of iceblast (13)
Potions
 f - a potion of cancellation
 g - a potion of berserk rage {unknown}
 h - a potion of resistance
 i - 2 potions of magic
 k - a potion of flight


   Skills:
 + Level 2.2 Fighting
 * Level 3.0 Staves
 - Level 2.0 Throwing
 + Level 4.7 Dodging
 + Level 0.0 Invocations


You had 3 spell levels left.
You didn't know any spells.
Your spell library contained the following spells:

 Spells                   Type           Power      Damage    Failure   Level
 Animate Skeleton         Necr           0%         N/A       38%         1
 Pain                     Necr           0%         1d4       38%         1
 Vampiric Draining        Necr           0%         2d6       77%         3


Dungeon Overview and Level Annotations

Branches:
Dungeon (3/15)

Altars:
Elyvilon


Innate Abilities, Weirdness & Mutations

You are very small and have problems with some larger weapons.
You are too small for most types of armour.
You have supernaturally acute eyesight. (SInv)
You cover ground extremely quickly. (Speed+++)


Message History

There is a stone staircase leading up here.
Found 4 gold pieces.
Found a lumpy amethyst potion.
Okay, then.
You now have 65 gold pieces (gained 4).
g - a lumpy amethyst potion
Found a scale mail.
You open the door.
There is an open door here.
Found 10 gold pieces.
You now have 75 gold pieces (gained 10).
You open the door.
An endoplasm comes into view.
There is an open door here.
The endoplasm quivers.
You hit the endoplasm.
The endoplasm is heavily wounded.
The endoplasm hits you.
You hit the endoplasm.
Lightning courses through the endoplasm!
You kill the endoplasm!
You have reached level 4!
HP restored.
You open the door.
Found 14 stones.
A gnoll comes into view. It is wielding a +0 flail.
A gnoll comes into view. It is wielding a +0 spear.
Found a stone staircase leading down.
A gnoll comes into view. It is wielding a +0 spear.
The gnoll shouts! x3
The gnoll barely misses you.
You hit the gnoll.
The gnoll is lightly wounded.
The gnoll barely misses you. The gnoll hits you with a +0 flail!
The gnoll hits you from afar with a +0 spear.
You barely miss the gnoll.
The gnoll is lightly wounded.
The gnoll hits you with a +0 flail!
Ouch! That really hurt!
You die...

##.#..#.#.#..
.....>......
##.#..#.#..
.....#.#.#
##.......# .
.#........# ...
............#.#.....
..... ###.#.gg......
.....##....@#.#.....
.....#.#...#... ...
#.....(.#.####.. .
#.....#.#.# .#
#.....#.#.# ..
#.......#.# .
#...#.#.#.#
###.....#.#.#
#......##.#.####


You could see 2 gnolls.

Vanquished Creatures
  Terence (D:2)
  An adder (D:2)
  A dart slug (D:2)
  An orc (D:2)
  2 ball pythons (D:1)
  4 endoplasms
  2 goblins
  8 jackals
  A quokka (D:2)
  2 bats
  2 frilled lizards
  A kobold (D:2)
  2 rats
28 creatures vanquished.

Notes
Turn   | Place    | Note
-------+----------+-------------------------------------------
     0 | D:1      | Spaninq the Spriggan Gladiator began the quest for the Orb.
     0 | D:1      | Reached XP level 1. HP: 10/10 MP: 2/2
   286 | D:1      | Found a faded altar of an unknown god.
   288 | D:1      | Became a worshipper of Elyvilon the Healer
   288 | D:1      | Reached * piety under Elyvilon
   926 | D:1      | Reached XP level 2. HP: 12/15 MP: 3/3
  1349 | D:2      | Reached ** piety under Elyvilon
  1488 | D:2      | Reached XP level 3. HP: 18/18 MP: 4/4
  1503 | D:2      | Noticed Terence
  1904 | D:2      | Killed Terence
  2730 | D:3      | Reached XP level 4. HP: 22/23 MP: 5/5
  2763 | D:3      | Slain by a gnoll

Illustrated notes

Levels and vault maps discovered:
D:1:      eino_arrival_cavern_d, layout_basic, chequers_ecumenical_altar_twisty
D:2:      layout_loops_cross, uniq_terence
D:3:      layout_basic, nicolae_vehumet_altar_sigil

Skill      XL: |  1  2  3 |
---------------+----------+-----
Fighting       | 2 |  2.2
Staves         | 3 |  3.0
Throwing       | |  2.0
Dodging        | |  4.7

Action                   |  1- 3 |  4- 6 || total
-------------------------+-------+-------++-------
Melee: Short sword       |    82 |     2 ||    84
  Use: Scroll            |     4 |       ||     4
 Stab: Sleeping          |     2 |       ||     2
Armor: Robe              |    12 |       ||    12
Dodge: Dodged            |    65 |     2 ||    67

Table legend: (Time is in decaauts)
 A = Elapsed time spent in this place.
 B = Non-inter-level travel time spent in this place.
 C = Inter-level travel time spent in this place.
 D = Time resting spent in this place.
 E = Time spent auto-exploring this place.
 F = Levels seen in this place.
 G = Mean time per level.
                   A        B        C        D        E       F      G
               +--------+--------+--------+--------+--------+-----+--------+
         Total |   2155 |   2136 |     19 |    672 |   1148 |   3 |  718.3 |
       Dungeon |   2155 |   2136 |     19 |    672 |   1148 |   3 |  718.3 |
               +--------+--------+--------+--------+--------+-----+--------+

Top non-repeatable levels by time:
     D:1: 1110 daAuts
     D:2: 970 daAuts
     D:3: 74 daAuts
